 Dungeon Crawl Stone Soup version 0.23.2-30-g0e89c35 (webtiles) character file.

Game seed: 7779656241003899970

136 Fortress the Firebug (level 4, -1/33 HPs)
             Began as a Draconian Fire Elementalist on June 18, 2019.
             Slain by Grinder (4 damage)
             ... on level 3 of the Dungeon.
             The game lasted 00:11:16 (2537 turns).

Fortress the Firebug (Draconian Fire Elementalist)  Turns: 2537, Time: 00:11:17

Health: -1/33      AC:  5    Str: 11    XL:     4   Next: 98%
Magic:  0/8        EV: 12    Int: 16    God:
Gold:   125        SH:  0    Dex: 11    Spells: 8/9 levels left

rFire    + . .     SeeInvis .   c - +0 dagger
rCold    x . .     Gourm    .   (no shield)
rNeg     . . .     Faith    .   (armour unavailable)
rPois    .         Spirit   .   (helmet restricted)
rElec    .         Reflect  .   (no cloak)
rCorr    .         Harm     .   (no gloves)
MR       +....                  (no boots)
Stlth    ++........             (no amulet)
HPRegen  0.11/turn              a - ring of fire
MPRegen  0.11/turn              d - ring of protection from magic

@: no status effects
A: unfitting armour, cold-blooded, AC +5
a: no special abilities


You were on level 3 of the Dungeon.
You were not hungry.

You visited 1 branch of the dungeon, and saw 3 of its levels.

You collected 125 gold pieces.

Inventory:

Hand Weapons
 c - a +0 dagger (weapon)
 e - a +0 hunting sling
Missiles
 k - 107 stones (quivered)
 q - 18 sling bullets
Jewellery
 a - a ring of fire (left hand)
 d - a ring of protection from magic (right hand)
 l - a cursed -3 ring of slaying {unknown}
 m - a +3 ring of slaying {unknown}
 p - an uncursed amulet of harm {unknown}
Scrolls
 f - a scroll of immolation {unknown}
 g - a scroll of identify {unknown}
Potions
 h - a potion of heal wounds {unknown}
 i - a potion of might {unknown}
 j - a potion of brilliance {unknown}
 n - a potion of agility {unknown}
 o - a potion of curing {unknown}
Comestibles
 b - 4 rations


   Skills:
 - Level 0.8 Short Blades
 - Level 2.1 Dodging
 - Level 2.0 Stealth
 + Level 3.0 Spellcasting
 + Level 2.0 Conjurations
 + Level 4.2 Fire Magic


You had 8 spell levels left.
You knew the following spells:

 Your Spells              Type           Power        Failure   Level  Hunger
a - Flame Tongue          Conj/Fire      ###..        5%          1    #......

Your spell library contained the following spells:

 Spells                   Type           Power        Failure   Level  Hunger
 Throw Flame              Conj/Fire      ###...       8%          2    ##.....
 Conjure Flame            Conj/Fire      ###.....     16%         3    ###....
 Inner Flame              Hex/Fire       ##......     24%         3    ###....
 Sticky Flame             Conj/Fire      ###.....     45%         4    #####..
 Fireball                 Conj/Fire      ###.......   82%         5    ######.


Dungeon Overview and Level Annotations

Branches:
Dungeon (3/15)

Altars:
The Shining One

Annotations:
D:3 Grinder


Innate Abilities, Weirdness & Mutations

Your plain brown scales are hard. (AC +5)
You cannot fit into any form of body armour.
You are cold-blooded and may be slowed by cold attacks.


Message History

Casting: Flame Tongue (safe; 5% risk of failure)
Confirm with . or Enter, or press ? or * to list all spells.
Aiming: Flame Tongue (safe; 5% risk of failure)
Press: ? - help, Shift-Dir - straight line, f/p - Grinder
Aim: Grinder (almost dead)
You feel a surge of power!
The flame tongue misses Grinder.
You closely miss Grinder.
Grinder is almost dead.
Grinder hits you.
* * * LOW HITPOINT WARNING * * *
You writhe in agony.
* * * LOW HITPOINT WARNING * * *
You hit Grinder but do no damage.
Grinder is almost dead.
Grinder gestures at you. You resist with some effort.
You hit Grinder.
Grinder is almost dead.
Grinder hits you.
You die...

#..###.## ######.#.#..#
#.# .......##.#.####.##
######†............
#.####.####.# #.# #.#
#.# #.# #.# #.# #.# #.#
#.# #.# #.# #@#
#.####.####5#
###########
#.........†.#
#........5.
######.###..#
#.########. #.# #..#
#.# . #.# #..######5##
#.
#.###..........#####...
#............#.........
############.#######.##


You could see Grinder.

Vanquished Creatures
  Robin (D:2)
  4 adders
  2 worms
  A dart slug (D:2)
  3 leopard geckos
  7 bats
  4 giant cockroaches
  15 goblins
  12 hobgoblins
  4 jackals (D:1)
  2 quokkas (D:3)
  2 ball pythons (D:2)
  3 frilled lizards (D:2)
  4 kobolds
  8 rats
72 creatures vanquished.

Notes
Turn   | Place    | Note
-------+----------+-------------------------------------------
     0 | D:1      | Fortress the Draconian Fire Elementalist began the quest
                  | for the Orb.
     0 | D:1      | Reached XP level 1. HP: 14/14 MP: 3/3
   100 | D:1      | Reached XP level 2. HP: 19/20 MP: 0/5
   779 | D:1      | Reached XP level 3. HP: 26/26 MP: 3/6
  1351 | D:2      | Reached XP level 4. HP: 33/33 MP: 0/7
  1600 | D:2      | Noticed Robin
  1630 | D:2      | Killed Robin
  1630 | D:2      | Reached skill level 4 in Fire Magic
  2092 | D:3      | Found a glowing golden altar of the Shining One.
  2450 | D:3      | Noticed Grinder
  2537 | D:3      | Slain by Grinder

Skill      XL: |  1  2  3  4 |
---------------+-------------+-----
Dodging        | 2 |  2.1
Stealth        | 2 |  2.0
Fire Magic     | 4 |  4.2
Spellcasting   | 3 |  3.0
Conjurations   | 2 |  2.0
Short Blades   | |  0.8

Action                   |  1- 3 |  4- 6 || total
-------------------------+-------+-------++-------
Melee: Dagger            |    52 |    51 ||   103
       Tailslap          |     7 |     1 ||     8
 Cast: Flame Tongue      |    58 |    73 ||   131
  Use: Scroll            |     3 |       ||     3
  Eat: Chunk             |     2 |     4 ||     6
Armor: Skin              |    19 |    13 ||    32
Dodge: Dodged            |    52 |    31 ||    83
